 Dungeon Crawl Stone Soup version 0.30-a0-1161-g0704695555 (webtiles) character file.

Game seed: 13374908793141518490

111 funkygono the Covered (level 4, -3/41 HPs)
             Began as a Minotaur Fighter on Apr 27, 2023.
             Slain by an orc priest
             ... wielding a +0 war axe
              (6 damage)
             ... on level 3 of the Dungeon.
             The game lasted 00:03:18 (1654 turns).

funkygono the Covered (Minotaur Fighter)            Turns: 1654, Time: 00:03:20

Health: -3/41      AC:  7    Str: 22    XL:     4   Next: 62%
Magic:  3/3        EV:  9    Int:  5    God:
Gold:   87         SH:  4    Dex: 10    Spells: 3/3 levels left

rFire   . . .        a - +0 war axe
rCold   . . .        c - +0 buckler
rNeg    + . .        b - +0 scale mail
rPois   .            (helmet restricted)
rElec   .            (no cloak)
rCorr   .            (no gloves)
SInv    .            (no boots)
Will    .....        (no amulet) Stlth
                     j - ring of positive energy
HPRegen 0.26/turn    (no ring)
MPRegen 0.08/turn

%: no passive effects
@: no status effects
A: horns 2, retaliatory headbutt
a: no special abilities


You were on level 3 of the Dungeon.
You visited 1 branch of the dungeon, and saw 3 of its levels.

You collected 87 gold pieces.

Inventory:

Hand Weapons
 a - a +0 war axe (weapon)
Missiles
 l - 5 poisoned darts (quivered)
Armour
 b - a +0 scale mail (worn)
 c - a +0 buckler (worn)
 t - the orb "Ezase" {mayhem, Dex+3}
   (You found it on level 3 of the Dungeon)

   Dex:       It affects your dexterity (+3).
Jewellery
 j - a ring of positive energy (left hand)
Wands
 m - a wand of polymorph (10)
Scrolls
 e - 3 scrolls of fog {unknown}
 f - 2 scrolls of teleportation {unknown}
 g - 5 scrolls of identify {unknown}
 h - a scroll of amnesia {unknown}
 i - a scroll of enchant weapon {unknown}
 n - a scroll of poison {unknown}
 o - a scroll of acquirement {unknown}
 p - 3 scrolls of fear {unknown}
Potions
 d - a potion of might
 k - 2 potions of heal wounds {unknown}
 q - a potion of haste {unknown}
 r - 2 potions of attraction {unknown}
 s - a potion of flight {unknown}


   Skills:
 + Level 4.3 Fighting
 + Level 4.0 Axes
 + Level 4.7 Armour
 + Level 0.1 Dodging
 + Level 0.1 Stealth
 + Level 4.1 Shields


You had 3 spell levels left.
You didn't know any spells.
Your spell library contained the following spells:

 Spells                   Type           Power      Damage    Failure   Level
 Freeze                   Ice            0%         1d3       86%         1
 Lesser Beckoning         Tloc           0%         N/A       94%         2
 Frozen Ramparts          Ice            0%         1d1       99%         3
 Gell's Gravitas          Tloc           0%         N/A       99%         3
 Hailstorm                Conj/Ice       0%         3d3       99%         3
 Teleport Other           Tloc           0%         N/A       99%         3


Dungeon Overview and Level Annotations

Branches:
Dungeon (3/15)

Altars:
Qazlal

Shops:
D:1 :


Innate Abilities, Weirdness & Mutations

You have a pair of horns on your head.
You reflexively headbutt those who attack you in melee.


Message History

You barely miss something. Your headbutt misses something. Something hits you.
You slash something!
Reactivating autopickup.
You feel a bit more experienced.
You barely miss the orc. The orc hits you but does no damage.
You block the orc's attack.
You slash the orc!
You kill the orc!
Your Axes skill increases to level 4!
You barely miss the goblin. You headbutt the goblin.
You kill the goblin!
You block the ball python's attack. The ball python grabs you.
The ball python constricts you.
You slash the ball python!
You kill the ball python!
The orc priest closely misses you. You furiously retaliate!
You headbutt the orc priest. You closely miss the orc priest.
The orc priest is lightly wounded.
The orc priest hits you with a +0 war axe.
You closely miss the orc priest.
The orc priest is lightly wounded.
The orc priest closely misses you.
You barely miss the orc priest. Your headbutt misses the orc priest.
The orc priest is lightly wounded.
The orc priest hits you with a +0 war axe.
The orc priest hits you but does no damage.
You slash the orc priest!
The orc priest is almost dead.
The orc priest hits you with a +0 war axe.
You closely miss the orc priest.
The orc priest is almost dead.
The orc priest hits you with a +0 war axe.
You barely miss the orc priest.
The orc priest is almost dead.
The orc priest calls down the wrath of Beogh upon you.
Beogh smites you!
* * * LOW HITPOINT WARNING * * *
The orc priest hits you with a +0 war axe.
You die...

.go...... ..o......
#........ #S.......
.############ #.o......
........@o..# #$S......
############.###........
......................#
#.................S...#
##.....................#
#......................#
#.......................
###......................##
.........................<.


You could see an orc priest.

Vanquished Creatures
  An orc wizard (D:3)
  3 adders
  A dart slug (D:2)
  2 orcs (D:3)
  2 endoplasms
  2 giant cockroaches
  5 goblins
  6 hobgoblins
  3 jackals (D:3)
  6 kobolds
  4 quokkas
  5 ball pythons
  4 bats
  4 frilled lizards
  2 rats
50 creatures vanquished.

Notes
Turn   | Place    | Note
-------+----------+-------------------------------------------
     0 | D:1      | funkygono the Minotaur Fighter began the quest for the Orb.
     0 | D:1      | Reached XP level 1. HP: 19/19 MP: 0/0
    52 | D:1      | Found Megeil's Vocational Training.
    91 | D:1      | Reached XP level 2. HP: 14/27 MP: 1/1
   459 | D:1      | Reached XP level 3. HP: 31/33 MP: 2/2
   810 | D:2      | Found a stormy altar of Qazlal.
  1536 | D:3      | Identified the orb "Ezase" {mayhem, Dex+3}
  1595 | D:3      | Reached XP level 4. HP: 40/40 MP: 3/3
  1654 | D:3      | Slain by an orc priest

Illustrated notes

Levels and vault maps discovered:
D:1:      co_arrival_random_square_maze, layout_basic, nicolae_shop_vocational
D:2:      layout_basic, basic_altar
D:3:      layout_basic, wad_floor_pattern_1, minmay_misc_feat_rugged

Skill      XL: |  1  2  3  4 |
---------------+-------------+-----
Armour         | 4 |  4.7
Shields        | 4 |  4.1
Fighting       | 4 |  4.3
Axes           | 3 4 |  4.0
Dodging        | |  0.1
Stealth        | |  0.1

Action                     |  1- 3 |  4- 6 || total
---------------------------+-------+-------++-------
  Melee: War axe           |    84 |    25 ||   109
         Headbutt          |     7 |     2 ||     9
 Armour: Scale mail        |    42 |     9 ||    51
  Dodge: Dodged            |    38 |     4 ||    42
  Block: Buckler           |    18 |     4 ||    22

Table legend: (Time is in decaauts)
 A = Elapsed time spent in this place.
 B = Non-inter-level travel time spent in this place.
 C = Inter-level travel time spent in this place.
 D = Time resting spent in this place.
 E = Time spent auto-exploring this place.
 F = Levels seen in this place.
 G = Mean time per level.
                   A        B        C        D        E       F      G
               +--------+--------+--------+--------+--------+-----+--------+
         Total |   1693 |   1592 |    101 |      0 |   1236 |   3 |  564.3 |
       Dungeon |   1693 |   1592 |    101 |      0 |   1236 |   3 |  564.3 |
               +--------+--------+--------+--------+--------+-----+--------+

Top non-repeatable levels by time:
     D:2: 860 daAuts
     D:1: 673 daAuts
     D:3: 160 daAuts
